 Dungeon Crawl Stone Soup version 0.30.0-5-g1a98f26d00 (webtiles) character file.

Game seed: 1791381986473645229

33 qeuew the Digger (level 3, 0/20 HPs)
             Began as a Gargoyle Earth Elementalist on May 8, 2023.
             Slain by Terence
             ... wielding a +3 mace of holy wrath
              (12 damage)
             ... on level 2 of the Dungeon.
             The game lasted 00:01:40 (633 turns).

qeuew the Digger (Gargoyle Earth Elementalist)       Turns: 633, Time: 00:01:44

Health: 0/20       AC:  5    Str: 13    XL:     3   Next: 29%
Magic:  1/6        EV: 12    Int: 15    God:
Gold:   38         SH:  0    Dex: 10    Spells: 5/6 levels left

rFire   . . .        d - +0 whip
rCold   . . .        (no shield)
rNeg    + . .        a - +0 robe
rPois   ∞            (no helmet)
rElec   +            (no cloak)
rCorr   .            (no gloves)
SInv    .            (no boots)
Will    .....        (no amulet)
Stlth   ++           (no ring)
HPRegen 0.23/turn    (no ring)
MPRegen 0.10/turn

%: no passive effects
@: brilliant, very slightly contaminated, hasted (expiring), very quick
A: sickness immunity, AC +3, negative energy resistance 1, electricity
resistance, torment resistance 1, petrification resistance
a: no special abilities


You were on level 2 of the Dungeon.
You visited 1 branch of the dungeon, and saw 2 of its levels.

You collected 38 gold pieces.

Inventory:

Hand Weapons
 d - a +0 whip (weapon)
Armour
 a - a +0 robe (worn)
Scrolls
 e - a scroll of poison


   Skills:
 + Level 0.6 Fighting
 + Level 0.3 Maces & Flails
 * Level 1.6 Armour
 + Level 1.7 Dodging
 - Level 2.1 Stealth
 + Level 2.2 Spellcasting
 - Level 0.7 Transmutations
 * Level 4.1 Earth Magic


You had 5 spell levels left.
You knew the following spells:

 Your Spells              Type           Power      Damage    Failure   Level
a - Sandblast             Erth           40%        2d10      4%          1

Your spell library contained the following spells:

 Spells                   Type           Power      Damage    Failure   Level
 Passwall                 Tmut/Erth      10%        N/A       12%         2
 Stone Arrow              Conj/Erth      22%        3d8       28%         3
 Petrify                  Tmut/Erth      13%        N/A       63%         4


Dungeon Overview and Level Annotations

Branches:
Dungeon (2/15)

Altars:

Annotations:
D:2 Terence


Innate Abilities, Weirdness & Mutations

You are immune to sickness and miasma.
Your stone body is resilient. (AC +3)
You are immune to poison.
You resist negative energy. (rN+)
You are resistant to electric shocks. (rElec)
You are resistant to unholy torment.
You are immune to petrification.


Message History

Search for what [? for help]? leather Can't find anything matching that.
An endoplasm comes into view.
Found 16 gold pieces.
An endoplasm is nearby!
An endoplasm is nearby!
An endoplasm is nearby!
You feel a surge of power!
The blast of sand hits the endoplasm!
You kill the endoplasm!
Magic restored.
You now have 38 gold pieces (gained 16).
You are starting to lose your buoyancy.
Terence the Incautious comes into view.
He is wielding a +3 mace of holy wrath.
You can't see any susceptible monsters within range! (Use Z to cast anyway.) Terence is nearby!
You can't see any susceptible monsters within range! (Use Z to cast anyway.) Terence is nearby!
You can't see any susceptible monsters within range! (Use Z to cast anyway.) Terence is nearby!
Terence shouts!
You feel a surge of power!
The blast of sand hits Terence.
Terence is moderately wounded.
You feel a surge of power!
You miscast Sandblast.
You are very lightly contaminated with residual magic.
Nothing appears to happen.
You feel a surge of power!
The blast of sand hits Terence!
Terence is heavily wounded.
Terence hits you with a +3 mace of holy wrath.
You feel a surge of power!
The blast of sand hits Terence but does no damage.
Terence is heavily wounded.
You float gracefully downwards.
Terence hits you with a +3 mace of holy wrath.
You feel a surge of power!
The blast of sand hits Terence but does no damage.
Terence is heavily wounded.
Your extra speed is starting to run out.
Terence hits you with a +3 mace of holy wrath!
Ouch! That really hurt!
You die...

### ..# #####.# #.
.... #.
#.#######.# #.
#.........#
#.#.###...########
#..@@...#........#
###.#####..####.##
#. .........<# #.
#.#.#...^#.# #. #
#.####.#.# .. #.
#.#.# #. ## #.# #.
#.# #.#


You could see Terence.

Vanquished Creatures
  2 endoplasms
  2 giant cockroaches (D:1)
  2 goblins (D:1)
  3 hobgoblins (D:1)
  10 jackals (D:1)
  A ball python (D:1)
  2 bats (D:1)
  A frilled lizard (D:1)
  4 kobolds (D:1)
27 creatures vanquished.

Notes
Turn   | Place    | Note
-------+----------+-------------------------------------------
     0 | D:1      | qeuew the Gargoyle Earth Elementalist began the quest for
                  | the Orb.
     0 | D:1      | Reached XP level 1. HP: 10/10 MP: 3/3
    96 | D:1      | Reached XP level 2. HP: 16/16 MP: 1/5
   169 | D:1      | Reached skill level 1 in Armour
   212 | D:1      | Reached skill level 4 in Earth Magic
   338 | D:1      | Reached XP level 3. HP: 20/20 MP: 1/6
   624 | D:2      | Noticed Terence
   633 | D:2      | Slain by Terence

Illustrated notes

Levels and vault maps discovered:
D:1:      wander_arrival_fairy_ring, layout_rooms
D:2:      layout_basic, basic_altar, uniq_natasha, uniq_terence

Skill      XL: |  1  2 |
---------------+-------+-----
Armour         | 1 |  1.6
Earth Magic    | 4 |  4.1
Fighting       | |  0.6
Maces & Flails | |  0.3
Dodging        | |  1.7
Stealth        | |  2.1
Spellcasting   | |  2.2
Transmutations | |  0.7

Action                     || total
---------------------------++-------
  Melee: Unarmed           ||    30
         Whip              ||    12
   Cast: Sandblast         ||    37
    Use: Potion            ||     4
         Scroll            ||     3
 Armour: Robe              ||    25
  Dodge: Dodged            ||    67
